 Dungeon Crawl Stone Soup version 0.19.0-24-gb05acd6 (webtiles) character file.

26811 Gargoyl the Envoy of Void (level 13, -3/90 HPs)
             Began as a Demonspawn Abyssal Knight on Nov 22, 2016.
             Was a High Priest of Lugonu.
             Slain by a death yak (18 damage)
             ... on level 6 of the Lair of Beasts.
             The game lasted 00:36:17 (18691 turns).

Gargoyl the Envoy of Void (DsAK)                   Turns: 18691, Time: 00:36:17

Health: -3/90      AC: 39    Str: 18 (19) XL:     13   Next: 1%
Magic:  22/22      EV:  9    Int: 15      God:    Lugonu [*****.]
Gold:   1023       SH:  8    Dex: 19      Spells: 0 memorised, 12 levels left

rFire  . . .     SeeInvis +     C - +11 hand axe of Aroop {protect, rN+ Str+3}
rCold  . . .     Gourm    .     w - +4 chain mail
rNeg   + . .     Faith    .     (no shield)
rPois  +         Spirit   .     i - +1 hat
rElec  .         Reflect  +     (no cloak)
rCorr  .         Harm     .     K - +0 pair of gloves
MR     .....                    T - +0 pair of boots
Stlth  ..........               v - brooch of Shielding {Reflect SH+8}
                                A - +2 ring of dexterity
                                S - +4 ring of dexterity

@: sanguine armour, protection aura
A: claws 2, see invisible, demonic guardian 1, deterioration 1, frail 1, sense
surroundings 1, poison resistance, powered by pain 2, evolution 1, sanguine
armour 3
a: Depart the Abyss, Bend Space, Banish, Corrupt, Enter the Abyss, Renounce
Religion


You were on level 6 of the Lair of Beasts.
You worshipped Lugonu.
Lugonu was extremely pleased with you.
You were not hungry.

You visited 2 branches of the dungeon, and saw 15 of its levels.
You visited the Abyss 1 time.
You also visited: Ossuary and Volcano.

You collected 1239 gold pieces.
You spent 216 gold pieces at shops.

Inventory:

Hand Weapons
 z - a +0 broad axe
 C - the +11 hand axe of Aroop (weapon) {protect, rN+ Str+3}
   (You bought it in a shop on level 9 of the Dungeon)

   It protects the one who uses it against injury (+AC on strike).
   It affects your strength (+3).
   It protects you from negative energy.
 M - the +9 war axe of Action {drain, rF+ rN+++ Str+3 Stlth-}
   (You found it on level 2 of the Lair of Beasts)

   A truly terrible weapon, it drains the life of those it strikes.
   It affects your strength (+3).
   It protects you from fire.
   It renders you almost immune to negative energy.
   It makes you less stealthy.
 W - a +0 broad axe
Missiles
 j - 32 tomahawks (quivered)
 x - 11 javelins
Armour
 i - a +1 hat (worn)
 w - a +4 chain mail (worn)
 K - a +0 pair of gloves (worn)
 T - a +0 pair of boots (worn)
Jewellery
 f - an uncursed ring of poison resistance
 v - the brooch of Shielding (around neck) {Reflect SH+8}
   (You found it on level 7 of the Dungeon)

   [amulet of reflection]

   It shields you and reflects attacks.
   It affects your SH (+8).
 A - a +2 ring of dexterity (right hand)
 Q - an uncursed ring of flight {unknown}
 S - a +4 ring of dexterity (left hand)
Wands
 m - a wand of random effects (26/48)
 o - a wand of acid (9/15)
 y - a wand of disintegration (9/24)
 D - a wand of paralysis (14/24)
 G - a wand of lightning (8/15)
 J - a wand of acid (9/15)
 P - a wand of random effects (30/48)
 R - a wand of acid (10/15)
 Y - a wand of acid (7/15)
Scrolls
 a - 7 scrolls of teleportation
 r - 9 scrolls of remove curse
 s - 2 scrolls of recharging
 E - a scroll of magic mapping
 F - a scroll of fog
 H - a scroll of fear
 V - a scroll of amnesia
 X - a scroll of identify
Potions
 d - 2 potions of invisibility
 g - 3 potions of haste
 k - 2 potions of flight
 q - 4 potions of curing
 u - 5 potions of lignification
 B - 3 potions of might
 I - 2 potions of agility
 L - 2 potions of brilliance
 N - 2 potions of berserk rage
Books
 e - a book of Necromancy

   Spells                             Type                      Level
   a - Pain                           Necromancy                   1
   b - Animate Skeleton               Necromancy                   1
   c - Vampiric Draining              Necromancy                   3
   d - Regeneration                   Charms/Necromancy            3
   e - Animate Dead                   Necromancy                   4
   f - Control Undead                 Necromancy                   4
 n - a book of Cantrips

   Spells                             Type                      Level
   a - Confusing Touch                Hexes                        1
   b - Animate Skeleton               Necromancy                   1
   c - Summon Small Mammal            Summoning                    1
   d - Apportation                    Translocation                1
 O - a book of Power

   Spells                             Type                      Level
   a - Fulminant Prism                Conjuration/Hexes            4
   b - Iskenderun's Mystic Blast      Conjuration                  4
   c - Venom Bolt                     Conjuration/Poison           5
   d - Bolt of Magma                  Conjuration/Fire/Earth       5
   e - Iron Shot                      Conjuration/Earth            6
   f - Orb of Destruction             Conjuration                  7
   g - Spellforged Servitor           Conjuration/Summoning        7
 U - a book of Callings

   Spells                             Type                      Level
   a - Summon Small Mammal            Summoning                    1
   b - Call Imp                       Summoning                    2
   c - Call Canine Familiar           Summoning                    3
   d - Summon Guardian Golem          Hexes/Summoning              3
   e - Summon Lightning Spire         Summoning/Air                4
   f - Summon Ice Beast               Ice/Summoning                4
Comestibles
 b - a fruit
 c - 12 bread rations
 h - 2 royal jellies
 l - 5 beef jerkies
 p - 5 meat rations
 t - 3 slices of pizza


   Skills:
 + Level 8.8 Fighting
 + Level 12.0 Axes
 + Level 0.8 Throwing
 * Level 11.2 Armour
 + Level 3.1 Dodging
 * Level 12.7 Invocations


You had 12 spell levels left.
You didn't know any spells.

Dungeon Overview and Level Annotations

Branches:
Dungeon (9/15)             Temple (0/1) D:5            Lair (6/6) D:9
  Swamp (0/4) Lair:2        Snake (0/4) Lair:3        Slime (0/5) Lair:5
    Orc (0/2) D:9

Altars:
Gozag
Sif Muna
The Shining One
Jiyva

Shops:
D:9 *


Innate Abilities, Weirdness & Mutations

You have very sharp fingernails.
A weak demonic guardian rushes to your aid.
You sometimes gain power by taking damage.
When seriously injured, your bleeding wounds create very thick armour. (AC +12)
You have supernaturally acute eyesight. (SInv)
Your body sometimes deteriorates upon taking damage.
You are frail. (-10% HP)
You passively map a small area around you.
Your system is resistant to poisons. (rPois)
You evolve.


Message History

You have reached level 13!
You hit the death yak.
The death yak gores you but does no damage.
You slash the death yak!
The death yak is heavily wounded.
The death yak gores you!
* * * LOW HITPOINT WARNING * * *
Your body deteriorates!
You feel weakened.
You feel better.
The hippogriff bites you but does no damage.
You block the hippogriff's attack.
The hippogriff claws you but does no damage.
The death yak gores you!
* * * LOW HITPOINT WARNING * * *
You feel better. You block the hippogriff's attack.
The hippogriff pecks you but does no damage.
The hippogriff claws you but does no damage.
Your iron imp barely misses the death yak.
The death yak gores you!!
You die...

,
#.......#.P##..P###..##
, , ##..P......######
##.P# ,,#♣...#.#P.##
#..####
**,*#.#.####..##
##.##.# #.### #.#.#
#..... * #..*####..##
####PP ,##.##.#...#
#####. *,#....Y5...#
#..... , *,#...YH@#..#
#..... * #..P####### *
##...# 8,#... ###.#.. ,
+..., ,#...... +Y.. ,
,........ , , +... * ,
* .#.#..... #... , #.
##.... + #... ** #
.P.... , ....#..


You could see 2 death yaks, a hippogriff and a friendly iron imp.

Vanquished Creatures
  Gastronok (Lair:2)
  Erica (D:9)
  A dancing weapon (Volcano)
  A death yak (Lair:6)
  The ghost of newuser the Destroyer, a novice OpIE of Vehumet (Volcano)
  5 wizards (Volcano)
  5 toenail golems (Volcano)
  4 black mambas
  6 spiny frogs
  A torpor snail (Lair:2)
  5 komodo dragons
  2 polar bears
  5 blink frogs
  5 hippogriffs
  3 wyverns
  13 yaks
  A basilisk (Lair:4)
  2 hungry ghosts (D:9)
  5 swamp worms (Lair:2)
  5 nagas (Lair:3)
  6 water moccasins
  6 porcupines
  6 orc warriors
  3 sky beasts
  A black bear (D:7)
  2 phantoms
  3 wolves (Lair:4)
  5 ogres
  A centaur (D:8)
  5 crocodiles
  10 bullfrogs
  2 elf zombies (Ossuary)
  A scorpion (D:6)
  2 troll zombies (D:9)
  A howler monkey (D:4)
  An electric eel (Lair:2)
  3 crimson imps
  A bullfrog zombie (D:5)
  A human zombie (Ossuary)
  2 jellies (Lair:5)
  8 orc priests
  3 hounds
  A quasit (D:9)
  3 bullfrog skeletons
  4 gnoll shamans (D:3)
  6 orc wizards
  An iguana (D:7)
  8 worker ants
  5 ogre zombies (D:9)
  2 hound skeletons
  A hound zombie (D:6)
  2 mummies (Ossuary)
  36 gnolls
  5 adders
  2 oozes (Lair:5)
  2 adder zombies
  6 worms
  3 adder skeletons
  2 leopard geckos
  49 orcs
  10 giant cockroaches
  8 goblins
  3 hobgoblins
  25 jackals
  8 kobolds
  6 quokkas
  A ball python (D:1)
  9 bats
  3 frilled lizards
  2 goblin skeletons (D:9)
  A goblin zombie (D:9)
  10 hobgoblin zombies
  2 jackal skeletons
  A jackal zombie (Ossuary)
  11 kobold zombies (Ossuary)
  2 orc skeletons (D:9)
  21 orc zombies
  A quokka skeleton (D:4)
  6 rats
  2 rat zombies (Ossuary)
  A fungus (Lair:5)
416 creatures vanquished.

Vanquished Creatures (collateral kills)
  An ugly thing (D:9)
  A black mamba (Lair:2)
  A rime drake (Lair:4)
  2 blink frogs (Lair:3)
  A hippogriff (Lair:3)
  A wyvern (Lair:2)
  A yak (Lair:2)
  A naga (Lair:3)
  An ogre (D:7)
  A centaur (D:6)
  A phantom (D:4)
  A wolf (Lair:4)
  Blork the orc (D:6)
  A bullfrog skeleton (D:4)
  A gnoll shaman (D:3)
  An orc wizard (D:6)
  An ogre zombie (D:9)
  3 gnolls
  7 orcs
  2 goblin zombies
  A hobgoblin zombie (D:9)
  A kobold zombie (Ossuary)
  An orc skeleton (D:9)
  2 orc zombies
  A rat zombie (Ossuary)
36 creatures vanquished.

Vanquished Creatures (others)
  A hydra (Lair:2)
  The ghost of Kloppie the Cleaver, a novice DsBe of Trog (D:9)
  An electric eel (D:6)
  A crimson imp (D:6)
  An orc (D:7)
  A fungus (Lair:5)
  A plant (D:9)
7 creatures vanquished.

Grand Total: 459 creatures vanquished

Notes
Turn   | Place    | Note
-------+----------+-------------------------------------------
     0 | Abyss:1  | Gargoyl the Demonspawn Abyssal Knight began the quest for the Orb.
     0 | Abyss:1  | Reached XP level 1. HP: 18/18 MP: 2/2
    48 | Abyss:1  | Found a corrupted altar of Lugonu.
    63 | Abyss:1  | Found a corrupted altar of Lugonu.
   123 | Abyss:1  | Noticed a quasit
   139 | D:1      | Escaped the Abyss
   224 | D:1      | Reached * piety under Lugonu
   311 | D:1      | Gained mutation: When seriously injured, your bleeding wounds create armour. (AC +12) [demonic ancestry]
   311 | D:1      | Reached XP level 2. HP: 23/24 MP: 3/3
   818 | D:2      | Reached skill level 1 in Dodging
   818 | D:2      | Gained mutation: When seriously injured, your bleeding wounds create thick armour. (AC +12) [demonic ancestry]
   818 | D:2      | Reached XP level 3. HP: 26/29 MP: 5/5
  1616 | D:3      | Reached XP level 4. HP: 19/35 MP: 6/6
  1906 | D:3      | Found an opulent altar of Gozag.
  2131 | D:3      | Reached ** piety under Lugonu
  2247 | D:3      | Gained mutation: A weak demonic guardian rushes to your aid. [demonic ancestry]
  2247 | D:3      | Reached XP level 5. HP: 19/41 MP: 7/7
  2657 | D:3      | Noticed an ogre
  2672 | D:3      | Killed an ogre
  2672 | D:3      | Gained mutation: You have sharp fingernails. [demonic ancestry]
  2672 | D:3      | Reached XP level 6. HP: 46/48 MP: 9/9
  2759 | D:3      | Reached *** piety under Lugonu
  3011 | D:3      | Gained mutation: When seriously injured, your bleeding wounds create very thick armour. (AC +12) [demonic ancestry]
  3011 | D:3      | Reached XP level 7. HP: 44/54 MP: 10/10
  3917 | D:4      | Found a glowing golden altar of the Shining One.
  3917 | D:4      | Found a deep blue altar of Sif Muna.
  4004 | D:4      | Reached skill level 5 in Invocations
  4228 | D:4      | Reached **** piety under Lugonu
  4442 | D:4      | Reached skill level 5 in Axes
  5123 | D:5      | Entered Level 5 of the Dungeon
  5130 | D:5      | Reached XP level 8. HP: 61/61 MP: 12/12
  5308 | D:5      | Reached skill level 5 in Armour
  5448 | D:5      | Found a staircase to the Ecumenical Temple.
  5528 | D:5      | Found a sand-covered staircase.
  5538 | Ossuary  | Entered an ossuary
  5673 | Ossuary  | Reached skill level 5 in Fighting
  5803 | Ossuary  | Reached ***** piety under Lugonu
  6346 | D:6      | Noticed Blork the orc
  6384 | D:6      | Killed Blork the orc
  6876 | D:6      | Gained mutation: You have large cloven feet. [mutagenic meat]
  6877 | D:6      | Gained mutation: You passively map a small area around you. [mutagenic meat]
  6878 | D:6      | Gained mutation: Your body sometimes deteriorates upon taking damage. [mutagenic meat]
  6879 | D:6      | Gained mutation: You have supernaturally acute eyesight. (SInv) [mutagenic meat]
  6880 | D:6      | Gained mutation: Your system is resistant to poisons. (rPois) [mutagenic meat]
  6881 | D:6      | Gained mutation: You are frail. (-10% HP) [mutagenic meat]
  6891 | D:6      | Gained mutation: You sometimes gain a little power by taking damage. [demonic ancestry]
  6891 | D:6      | Reached XP level 9. HP: 37/61 MP: 14/14
  6905 | D:6      | Gained mutation: You evolve. [potion of beneficial mutation]
  6906 | D:6      | Gained mutation: You passively map the area around you. [potion of beneficial mutation]
  8555 | D:6      | Lost mutation: You have large cloven feet. [evolution]
  9536 | D:9      | Noticed Kloppie's ghost (novice DsBe)
  9541 | D:9      | Banished Kloppie's ghost
  9727 | D:9      | Found Inygehem's Assorted Antiques.
  9735 | D:9      | Bought a transparent hand axe for 216 gold pieces
  9737 | D:9      | Identified the +11 hand axe of Aroop {protect, rN+ Str+3} (You bought it in a shop on level 9 of the Dungeon)
  9784 | D:9      | Found a staircase to the Orcish Mines.
  9822 | D:9      | Gained mutation: You sometimes gain power by taking damage. [demonic ancestry]
  9822 | D:9      | Reached XP level 10. HP: 42/68 MP: 16/16
 10271 | D:9      | Noticed Erica
 10282 | D:9      | Killed Erica
 10324 | D:9      | Noticed a red ugly thing
 10346 | D:9      | HP: 2/69 [red ugly thing (13)]
 10351 | D:9      | Killed a red ugly thing
 10606 | D:9      | Found a staircase to the Lair.
 10629 | D:9      | Reached skill level 10 in Invocations
 11116 | Lair:1   | Entered Level 1 of the Lair of Beasts
 11346 | Lair:1   | Noticed a black mamba
 11360 | Lair:1   | Killed a black mamba
 11626 | Lair:2   | Noticed Gastronok
 11627 | Lair:2   | Noticed a four-headed hydra
 11629 | Lair:2   | Banished a four-headed hydra
 11652 | Lair:2   | Killed Gastronok
 11652 | Lair:2   | Reached XP level 11. HP: 52/75 MP: 18/18
 11735 | Lair:2   | Reached skill level 10 in Axes
 11906 | Lair:2   | Found a staircase to the Swamp.
 12283 | Lair:2   | Got a dazzling war axe
 12284 | Lair:2   | Identified the +9 war axe of Action {drain, rF+ rN+++ Str+3 Stlth-} (You found it on level 2 of the Lair of Beasts)
 14031 | Lair:3   | Found a staircase to the Snake Pit.
 14343 | Lair:3   | Reached skill level 10 in Armour
 14872 | Lair:4   | Found a dark tunnel.
 14882 | Volcano  | Entered a volcano
 14889 | Volcano  | Noticed a wizard
 14889 | Volcano  | Noticed newuser's ghost (novice OpIE)
 14915 | Volcano  | Killed newuser's ghost
 14918 | Volcano  | Killed a wizard
 14918 | Volcano  | Gained mutation: You have very sharp fingernails. [demonic ancestry]
 14918 | Volcano  | Reached XP level 12. HP: 61/82 MP: 20/20
 17061 | Lair:4   | Lost mutation: You passively map the area around you. [evolution]
 17348 | Lair:5   | Noticed a seven-headed hydra
 17350 | Lair:5   | Banished a seven-headed hydra
 17750 | Lair:5   | Found a runed door.
 17751 | Lair:5   | Found a viscous altar of Jiyva.
 17755 | Lair:5   | Found a staircase to the Slime Pits.
 18522 | Lair:6   | Entered Level 6 of the Lair of Beasts
 18662 | Lair:6   | Noticed a death yak
 18662 | Lair:6   | Noticed a death yak
 18678 | Lair:6   | Noticed a death yak
 18688 | Lair:6   | Killed a death yak
 18688 | Lair:6   | Reached XP level 13. HP: 27/90 MP: 22/22
 18691 | Lair:6   | Slain by a death yak

Skill      XL: |  1  2  3  4  5  6  7  8  9 10 11 12 |
---------------+-------------------------------------+-----
Axes           | 2 3 4 5 6 8 9 10 12 | 12.0
Armour         | 2 3 4 6 7 8 10 11 | 11.2
Invocations    | 3 4 5 7 9 10 11 12 | 12.7
Dodging        | 1 2 3 |  3.1
Fighting       | 4 5 7 8 |  8.8
Throwing       | |  0.8

Action                   |  1- 3 |  4- 6 |  7- 9 | 10-12 | 13-15 || total
-------------------------+-------+-------+-------+-------+-------++-------
Melee: Hand axe          |   113 |       |   383 |   529 |     1 ||  1026
       War axe           |    70 |   174 |   392 |    70 |       ||   706
       Kick              |       |       |    54 |       |       ||    54
Throw: Tomahawk          |     2 |     1 |       |     7 |       ||    10
Invok: Depart the Abyss  |     1 |       |       |       |       ||     1
       Banish            |       |       |     9 |     4 |       ||    13
  Use: Scroll            |     9 |       |    12 |     5 |       ||    26
       Potion            |       |     1 |     9 |     4 |     2 ||    16
 Stab: Distracted        |       |       |     3 |     7 |       ||    10
  Eat: Chunk             |     3 |     5 |    24 |    22 |       ||    54
       Fruit             |       |       |     6 |    12 |       ||    18
       Bread ration      |       |       |     1 |       |       ||     1
Armor: Plate armour      |   199 |   192 |   283 |       |       ||   674
       Skin              |       |     3 |       |       |       ||     3
       Chain mail        |       |       |   275 |   308 |     5 ||   588
Dodge: Dodged            |    46 |    51 |   218 |   219 |       ||   534
Block: Other             |       |       |    96 |   227 |     2 ||   325
       Reflection        |       |       |     5 |     1 |       ||     6
